AoeStats
← 泰拉第一老女人-凯尔希

Arena

510343550Analyzed
4v4 RM · 17h ago on Sep 30, 2026· 61m 57s· 8 players
Game mode
Random Map
Map size
Large (8 player)
Population
200
Speed
Normal
Resources
Standard
Victory
Conquest
Starting age
Dark Age
Ending age
Imperial Age
RankedLock teamsTeams togetherTeam positionsShared explorationLock speedFull tech treeHidden civsTurbo modeCheats
Victory
Defeat
🇨🇳 Shu · China
885
+14
851
+15
🇨🇳 Spanish · China
809
+17
🇺🇸 Mongols · United States
875
-17
🇪🇸 Vietnamese · Spain
852
-16
🇿🇦 Byzantines · South Africa
825
-15
🇮🇳 Khmer · India
804
-14
東雲mobai
7:18 Loom
11:13 Feudal Age
12:53 Double-Bit Axe
17:49 Castle Age
16:11 Horse Collar
17:26 Stone Mining
19:42 Heavy Plow
21:10 Bow Saw
20:54 Treadmill Crane
25:31 Wheelbarrow
24:41 Town Watch
25:06 Gold Mining
25:32 Forging
27:18 Fletching
31:52 Imperial Age
29:21 Crossbowman
30:52 Hand Cart
30:42 Scale Mail Armor
30:43 Padded Archer Armor
30:48 Squires
31:28 Ballistics
32:06 Arbalester
32:34 Gambesons
33:09 Thumb Ring
36:01 Chain Mail Armor
36:01 Leather Archer Armor
35:41 Bodkin Arrow
37:38 Conscription
38:20 Gold Shaft Mining
38:06 Elite White Feather Guard
39:36 Coiled Serpent Array
39:39 Bolt Magazine
41:29 Chemistry
40:35 Siege Engineers
47:17 Bracer
47:47 Ring Archer Armor
47:48 Plate Mail Armor
落榜音游人
11:24 Feudal Age
16:34 Castle Age
14:54 Horse Collar
16:33 Double-Bit Axe
19:51 Bow Saw
21:14 Heavy Plow
22:27 Stone Mining
25:35 Wheelbarrow
26:35 Gold Mining
29:36 Imperial Age
28:13 Hand Cart
29:30 Ballistics
31:12 Stone Shaft Mining
31:25 Husbandry
32:49 Two-Man Saw
31:42 Cavalier
32:33 Bloodlines
33:04 Forging
33:00 Scale Barding Armor
32:56 Padded Archer Armor
33:46 Conscription
32:53 Elite Conquistador
33:57 Thumb Ring
34:18 Paladin
35:37 Iron Casting
35:22 Chain Barding Armor
36:27 Leather Archer Armor
38:44 Chemistry
38:56 Plate Barding Armor
39:22 Blast Furnace
42:31 Ring Archer Armor
44:56 Coinage
44:28 Caravan
45:06 Light Cavalry
47:49 Hussar
55:30 Guilds
邦多利第一耐摔王-莫提斯
11:06 Feudal Age
15:33 Castle Age
15:49 Double-Bit Axe
15:46 Horse Collar
16:03 Loom
17:03 Bow Saw
16:55 Heavy Plow
23:14 Imperial Age
22:57 Chemistry
23:15 Pikeman
31:59 Two-Man Saw
34:33 Loom
35:46 Wheelbarrow
36:51 Siege Engineers
36:16 Halberdier
36:59 Squires
37:31 Hand Cart
38:48 Forging
38:39 Scale Mail Armor
40:04 Iron Casting
42:27 Elite Hussite Wagon
43:55 Scale Barding Armor
44:51 Blast Furnace
44:08 Chain Mail Armor
47:16 Conscription
55:47 Houfnice
61:05 Arson
62:35 Plate Mail Armor
泰拉第一老女人-凯尔希
11:10 Feudal Age
14:57 Castle Age
13:51 Double-Bit Axe
13:51 Horse Collar
19:33 Fletching
21:11 Loom
24:51 Bodkin Arrow
24:57 Padded Archer Armor
26:22 Stone Mining
27:37 Wheelbarrow
29:47 Bow Saw
30:39 Gambesons
30:54 Squires
30:40 Arson
30:15 Pikeman
36:26 Imperial Age
34:11 Hand Cart
33:42 Town Watch
36:02 Gold Mining
36:18 Heavy Plow
38:22 Two-Man Saw
36:50 Pikeman
38:25 Conscription
37:26 Elite Longbowman
38:29 Yeomen
38:23 Bracer
38:41 Leather Archer Armor
40:22 Gold Shaft Mining
40:37 Forging
40:27 Scale Mail Armor
40:58 Ring Archer Armor
40:47 Halberdier
44:54 Warwolf
46:23 Chemistry
45:43 Siege Engineers
46:03 Ballistics
48:04 Iron Casting
47:45 Chain Mail Armor
61:21 Hoardings
kevinfz101006xr
10:22 Feudal Age
15:03 Castle Age
20:27 Double-Bit Axe
20:49 Horse Collar
22:16 Bow Saw
24:05 Fletching
26:06 Stone Mining
26:20 Heavy Plow
26:58 Wheelbarrow
27:41 Gold Mining
28:29 Stone Shaft Mining
31:10 Bodkin Arrow
31:15 Padded Archer Armor
31:42 Ballistics
35:38 Imperial Age
33:23 Hand Cart
33:38 Leather Archer Armor
33:49 Caravan
33:59 Husbandry
34:10 Bloodlines
35:32 Nomads
35:49 Forging
35:44 Scale Barding Armor
35:06 Light Cavalry
35:49 Onager
35:53 Hussar
36:59 Bracer
37:57 Gold Shaft Mining
37:55 Drill
37:56 Conscription
37:58 Siege Onager
40:27 Chemistry
40:08 Thumb Ring
40:30 Parthian Tactics
44:20 Elite Mangudai
53:21 Iron Casting
53:07 Chain Barding Armor
58:16 Capped Ram
fer_es_merengue9
11:23 Feudal Age
11:56 Double-Bit Axe
13:12 Loom
14:46 Loom
17:50 Castle Age
15:38 Horse Collar
16:59 Stone Mining
17:01 Gold Mining
19:03 Bow Saw
19:20 Heavy Plow
21:32 Elite Skirmisher
23:49 Thumb Ring
24:06 Fletching
25:34 Bodkin Arrow
28:15 Chatras
29:38 Padded Archer Armor
29:52 Town Watch
35:46 Imperial Age
34:07 Wheelbarrow
33:32 Town Patrol
34:42 Leather Archer Armor
34:34 Scale Barding Armor
34:40 Forging
34:36 Husbandry
34:46 Bloodlines
37:00 Chain Barding Armor
37:53 Hand Cart
38:20 Paper Money
37:25 Imperial Skirmisher
39:49 Iron Casting
40:19 Bracer
41:02 Ballistics
40:42 Murder Holes
40:58 Fortified Wall
41:50 Chemistry
43:09 Plate Barding Armor
43:59 Ring Archer Armor
49:12 Two-Man Saw
47:44 Elite Battle Elephant
50:30 Elite Rattan Archer
57:16 Crop Rotation
Hondkop
0:27 Loom
11:19 Feudal Age
15:22 Castle Age
15:36 Wheelbarrow
14:49 Horse Collar
27:26 Fletching
32:47 Pikeman
34:48 Scale Mail Armor
40:26 Imperial Age
37:57 Elite Skirmisher
40:00 Chain Mail Armor
39:55 Forging
41:38 Conscription
41:35 Padded Archer Armor
42:06 Plate Mail Armor
43:13 Imperial Skirmisher
45:21 Squires
47:35 Bodkin Arrow
50:40 Leather Archer Armor
52:55 Bracer
spartanking
13:53 Feudal Age
17:07 Castle Age
16:48 Double-Bit Axe
17:20 Horse Collar
17:40 Gold Mining
17:42 Stone Mining
26:17 Heavy Plow
26:30 Bow Saw
26:47 Pikeman
33:13 Imperial Age
31:20 Wheelbarrow
30:31 Town Watch
31:26 Wheelbarrow
30:37 Town Watch
33:34 Capped Ram
33:36 Halberdier
34:53 Double Crossbow
35:13 Conscription
35:32 Siege Ram
36:35 Forging
36:26 Scale Mail Armor
36:31 Scale Barding Armor
36:18 Fletching
36:28 Padded Archer Armor
42:14 Iron Casting
41:54 Chain Mail Armor
42:00 Chain Barding Armor
41:55 Leather Archer Armor
41:36 Bodkin Arrow
43:31 Plate Barding Armor
43:57 Blast Furnace
42:52 Bodkin Arrow
44:14 Bracer
44:45 Ring Archer Armor
44:40 Heavy Scorpion
49:05 Elite Ballista Elephant
57:38 Elite Skirmisher
59:33 Imperial Skirmisher
Connection lost

Rejoining the realm…

Still unreachable

The connection could not be restored.

Session expired

The server has moved on; the page needs a fresh start.